 Dungeon Crawl Stone Soup version 0.29-a0-323-g050149af67 (webtiles) character file.

Game seed: 5040032945835678107

47 spaghetti the Skirmisher (level 3, -6/27 HPs)
             Began as a Demonspawn Gladiator on Apr 10, 2022.
             Was a Believer of Hepliaklqana.
             Mangled by Crazy Yiuf
             ... wielding a +4 quarterstaff of chaos
              (16 damage)
             ... on level 2 of the Dungeon.
             The game lasted 00:03:04 (2484 turns).

spaghetti the Skirmisher (Demonspawn Gladiator)     Turns: 2484, Time: 00:03:05

Health: -6/27      AC:  7    Str: 21    XL:     3   Next: 48%
Magic:  3/3        EV: 15    Int:  9    God:    Hepliaklqana [**....]
Gold:   82         SH:  0    Dex: 14    Spells: 2/2 levels left

rFire   . . .      SeeInvis .   a - +0 quarterstaff {staff}
rCold   . . .      Faith    .   (shield currently unavailable)
rNeg    . . .      Spirit   .   t - +1 scale mail of the Hanged Man {rCorr Str+5}
rPois   .          Reflect  .   (helmet restricted)
rElec   .          Harm     .   (no cloak)
rCorr   +          Rampage  .   (no gloves)
Will    .....                   (no boots)
Stlth   ..........              (no amulet)
HPRegen 0.09/turn               (no ring)
MPRegen 0.08/turn               (no ring)

@: agile
A: reduced essence, horns 1
a: Renounce Religion, Recall Ancestor, Ancestor Identity


You were on level 2 of the Dungeon.
You worshipped Hepliaklqana.
Hepliaklqana was pleased with you.
You visited 1 branch of the dungeon, and saw 2 of its levels.

You collected 82 gold pieces.


Innate Abilities, Weirdness & Mutations

Your life essence is reduced to manifest your ancestor. (-10% HP)
You have a pair of small horns on your head.


   Skills:
 + Level 3.9 Fighting
 - Level 2.6 Staves
 - Level 1.7 Throwing
 - Level 2.6 Dodging


You had 2 spell levels left.
You didn't know any spells.
Your spell library was empty.

Inventory:

Hand Weapons
 a - a +0 quarterstaff (weapon) {staff}
 b - a +0 hunting sling of flaming {sling}
   (You found it on level 2 of the Dungeon)
Missiles
 d - 3 throwing nets {=f!fthrowing}
 e - a javelin {throwing}
 j - 38 stones (quivered) {throwing}
 u - 3 poisoned darts {throwing}
Armour
 c - a +0 helmet
 q - a +0 leather armour
 t - the +1 scale mail of the Hanged Man (worn) {rCorr Str+5}
   (You took it off a goblin on level 2 of the Dungeon)

   Str:       It affects your strength (+5).
   rCorr:     It protects you from acid and corrosion.
Wands
 s - a wand of flame (15)
   (You found it on level 2 of the Dungeon)
Scrolls
 l - a scroll of teleportation {unknown}
 m - a scroll of identify {unknown}
 o - a scroll of fog {unknown}
 p - a scroll of enchant armour {unknown}
 r - a scroll of acquirement {unknown}
Potions
 f - 2 potions of curing {@q1}
 h - a potion of cancellation
 i - a potion of invisibility {unknown}
 k - 2 potions of degeneration {unknown}
 n - a potion of flight {unknown}

Dungeon Overview and Level Annotations

Branches:
Dungeon (2/15)

Altars:
Hepliaklqana

Annotations:
D:2 Crazy Yiuf

### #...# ..# #...# ###
##### # ♣♣#### ..#♣♣
♣♣....##
..'g♣♣♣♣......###########
..#♣..♣........g@.......#
# ♣♣♣.♣....##.##########
♣♣♣♣♣####.#...# ###.#.#.#
############...#.#.#
.................#.#
#.##########.#####.# #'##
#.......# ...# #########


You could see Crazy Yiuf.


Message History

No target in view!
Your +0 hunting sling of flaming {sling} bursts into flame!
b - a +0 hunting sling of flaming (weapon)
{sling} You see here a frilled lizard corpse.
Key pressed, stopping explore.
u - 3 poisoned darts {throwing}
There is an escape hatch in the ceiling here.
There is an open door here.
You see here a frilled lizard corpse.
There is an open door here.
You see here a worm corpse.
Key pressed, stopping explore.
A goblin comes into view. It is wielding a +0 club.
The goblin shouts!
A goblin is nearby!
A goblin is nearby!
You shoot a sling bullet.
The sling bullet closely misses the goblin.
You shoot a sling bullet. The sling bullet hits the goblin.
The sling bullet burns the goblin.
You kill the goblin!
No target in view!
No target in view!
Things that are here:
a +0 club {mace}; a goblin corpse You see here a +0 hunting sling {sling}.
You swap places.
You see here a +0 hunting sling {sling}.
Things that are here:
a +0 club {mace}; a goblin corpse Key pressed, stopping explore.
You swap places.
Key pressed, stopping explore.
Found a stone staircase leading down.
There is a stone staircase leading down here.
You swap places.
Key pressed, stopping explore.
There is an open door here.
You see here a frilled lizard skeleton.
There is an open door here.
There is an open door here.
Crazy Yiuf whimpers, "Whippet arm song!"
You open the door.
You swap places.
Crazy Yiuf laughs, "Key testudinal King!"
Nhalahla blocks Crazy Yiuf's attack.
Nhalahla hits Crazy Yiuf with a +0 flail!
Crazy Yiuf hits Nhalahla but does no damage.
Lightning courses through Nhalahla!!
Nhalahla is destroyed!
Crazy Yiuf says, "Crazy?
Crazy!?
PORCUPINE!"
Crazy Yiuf laughs, "Dawk Xom hog!"
Crazy Yiuf screams, "Line!"
Crazy Yiuf laughs, "Action!"
Aiming: Throw Flame
Press: ? - help, Shift-Dir - straight line, f - Crazy Yiuf
Aim: Crazy Yiuf, wielding a +4 quarterstaff of chaos and wearing a +0 cloak (moderately wounded, 72% to hit)
The puff of flame hits Crazy Yiuf.
Crazy Yiuf sings, "Trees, trees, trees, circus!"
Aiming: Throw Flame
Press: ? - help, Shift-Dir - straight line, f/p - Crazy Yiuf
Aim: Crazy Yiuf, wielding a +4 quarterstaff of chaos and wearing a +0 cloak (heavily wounded, 72% to hit)
The puff of flame hits Crazy Yiuf but does no damage.
Your +0 hunting sling of flaming {sling} stops flaming.
a - a +0 quarterstaff (weapon)
{staff} Crazy Yiuf misses you.
You barely miss Crazy Yiuf. Crazy Yiuf barely misses you.
You hit Crazy Yiuf.
Crazy Yiuf grits, "Shower!"
Crazy Yiuf hits you with a +4 quarterstaff of chaos!
You are poisoned. 😮 HP[-8]
You take 8 damage, and now have 19/27 hp.
MASSIVE DAMAGE!! (PAUSE) It was a potion of cancellation.
You feel magically purged.
You feel very sick.
Crazy Yiuf hits you with a +4 quarterstaff of chaos.
* * * LOW HITPOINT WARNING * * *
Crazy Yiuf freezes you.
* * * LOW HITPOINT WARNING * * *
😨 HP[-10]
You take 10 damage, and now have 9/27 hp.
MASSIVE DAMAGE!! (PAUSE) It was a potion of heal wounds.
You feel much better.
You feel very sick.
Crazy Yiuf hits you with a +4 quarterstaff of chaos!
* * * LOW HITPOINT WARNING * * *
You feel agile all of a sudden. 😨 HP[+3]
You regained 3 hp, and now have 12/27 hp.
Unknown command.
It was a potion of curing.
You feel better. Crazy Yiuf misses you. 😕 HP[+11]
You regained 11 hp, and now have 23/27 hp.
You hit Crazy Yiuf.
Crazy Yiuf hits you with a +4 quarterstaff of chaos!
* * * LOW HITPOINT WARNING * * *
You convulse!
Ouch! That really hurt!
You die...

Skill      XL: |  1  2 |
---------------+-------+-----
Fighting       | 3 |  3.9
Staves         | |  2.6
Throwing       | |  1.7
Dodging        | |  2.6

Action                   || total
-------------------------++-------
Melee: Quarterstaff      ||    44
       Headbutt          ||     2
 Fire: Hunting sling     ||    49
Throw: Stone             ||     8
Invok: Ancestor Life: Kn ||     1
Evoke: Wand              ||     2
  Use: Potion            ||     3
 Stab: Sleeping          ||     1
Armor: Leather armour    ||    12
       Scale mail        ||     6
Dodge: Dodged            ||    31

Levels and vault maps discovered:
D:1:      erik_arrival_blinker_ship, layout_loops_ring,
          hellmonk_ecumenical_altar_pennies_from_heaven,
          serial_co_window_serial, co_window_corner_a, co_window_paths_a,
          co_window_corner_a, co_window_corner_a, co_window_paths_b,
          co_window_paths_a, co_window_of_opportunity_c, co_window_corner_ca,
          co_window_broadway_c, co_window_of_opportunity_b,
          co_window_unsneaky_path_e, co_window_2corner,
          co_window_unsneaky_path_a, glass_columns_a, glass_columns_b,
          glass_columns_c
D:2:      layout_basic, uniq_crazy_yiuf_cottage

Notes
Turn   | Place    | Note
-------+----------+-------------------------------------------
     0 | D:1      | spaghetti the Demonspawn Gladiator began the quest for the
                  | Orb.
     0 | D:1      | Reached XP level 1. HP: 16/16 MP: 1/1
     0 | D:1      | magus.rc [v1.9.6]
   530 | D:1      | Found a faded altar of an unknown god.
   728 | D:1      | Gained mutation: You have a pair of small horns on your
                  | head. [demonic ancestry]
   728 | D:1      | Reached XP level 2. HP: 23/23 MP: 2/2
   733 | D:1      | Prayed at the altar of an unknown god.
   733 | D:1      | Became a worshipper of Hepliaklqana the Forgotten
   733 | D:1      | Reached * piety under Hepliaklqana
  1176 | D:1      | Reached skill level 3 in Fighting
  1780 | D:2      | Identified the +1 scale mail of the Hanged Man {rCorr
                  | Str+5}
  1784 | D:2      | Reached XP level 3. HP: 26/26 MP: 3/3
  1817 | D:2      | Reached ** piety under Hepliaklqana
  1839 | D:2      | Found a runed translucent door.
  1840 | D:2      | Noticed Crazy Yiuf
  1896 | D:2      | Remembered your ancestor Nhalahla as a knight
  2484 | D:2      | Mangled by Crazy Yiuf

Vanquished Creatures
  A worm (D:2)
  A dart slug (D:2)
  6 endoplasms
  A giant cockroach (D:1)
  4 hobgoblins
  2 jackals (D:2)
  2 quokkas
  A ball python (D:1)
  2 bats (D:2)
  4 frilled lizards
  5 goblins
  A kobold (D:1)
  2 rats
32 creatures vanquished.

Vanquished Creatures (collateral kills)
  A worm (D:2)
  2 jackals (D:2)
  A rat (D:2)
4 creatures vanquished.

Vanquished Creatures (others)
  A knight (D:2)
1 creature vanquished.

Grand Total: 37 creatures vanquished

Table legend:
 A = Non-vault XP
 B = Vault XP
 C = Vault XP percentage of total XP
 D = Non-vault monster count
 E = Vault monster count
 F = Vault count percentage of total count
                 A         B        C        D         E       F
            +---------+---------+-------+---------+---------+-------
      Total |      68 |       0 |   0.0 |      36 |       0 |   0.0
            +---------+---------+-------+---------+---------+-------
        D:1 |      21 |       0 |   0.0 |      13 |       0 |   0.0
        D:2 |      47 |       0 |   0.0 |      23 |       0 |   0.0
            +---------+---------+-------+---------+---------+-------

Illustrated notes

Table legend:
 A = Kills in this place as a percentage of kills in entire the game.
 B = Kills by you in this place as a percentage of kills by you in the entire game.
 C = Kills by friends in this place as a percentage of kills by friends in the entire game.
 D = Other kills in this place as a percentage of other kills in the entire game.
 E = Experience gained in this place as a percentage of experience gained in the entire game.
 F = Experience gained in this place divided by the number of levels of this place that you have seen.
                   A       B       C       D       E      F
               +-------+-------+-------+-------+-------+----------------------
         Total | 100.0 | 100.0 | 100.0 |   N/A | 100.0 |  34.0
       Dungeon | 100.0 | 100.0 | 100.0 |   N/A | 100.0 |  34.0
               +-------+-------+-------+-------+-------+----------------------

Table legend: (Time is in decaauts)
 A = Elapsed time spent in this place.
 B = Non-inter-level travel time spent in this place.
 C = Inter-level travel time spent in this place.
 D = Time resting spent in this place.
 E = Time spent auto-exploring this place.
 F = Levels seen in this place.
 G = Mean time per level.
                   A        B        C        D        E       F      G
               +--------+--------+--------+--------+--------+-----+--------+
         Total |   2517 |   2491 |     26 |    218 |   1985 |   2 | 1258.5 |
       Dungeon |   2517 |   2491 |     26 |    218 |   1985 |   2 | 1258.5 |
               +--------+--------+--------+--------+--------+-----+--------+

Top non-repeatable levels by time:
     D:1: 1271 daAuts
     D:2: 1246 daAuts
